 Dungeon Crawl Stone Soup version 0.30.1-4-g462c640d31 (webtiles) character file.

Game seed: 5581164826039573539

5759 Gogs the Cleaver (level 10, -2/91 HPs)
             Began as a Hill Orc Fighter on Sept 12, 2023.
             Was a Believer of Makhleb.
             Slain by a troll (10 damage)
             ... on level 8 of the Dungeon on Sept 13, 2023.
             The game lasted 00:30:50 (10428 turns).

Gogs the Cleaver (Hill Orc Fighter)                Turns: 10428, Time: 00:30:51

Health: -2/91      AC: 18    Str: 24    XL:     10   Next: 78%
Magic:  13/13      EV:  8    Int:  8    God:    Makhleb [**....]
Gold:   573        SH:  5    Dex: 10    Spells: 9/9 levels left

rFire   + . .        a - +0 war axe
rCold   . . .        c - +0 buckler
rNeg    . . .        y - +4 chain mail
rPois   .            (no helmet)
rElec   .            (no cloak)
rCorr   .            l - +2 pair of gloves
SInv    .            (no boots)
Will    +....        (no amulet) Stlth
                     C - ring of protection from fire
HPRegen 0.35/turn    x - ring of willpower
MPRegen 0.13/turn

%: no passive effects
@: no status effects
A: no striking features
a: Renounce Religion, Minor Destruction


You were on level 8 of the Dungeon.
You worshipped Makhleb.
Makhleb was pleased with you.
You visited 2 branches of the dungeon, and saw 10 of its levels.

You collected 573 gold pieces.

Inventory:

Hand Weapons
 a - a +0 war axe (weapon)
 b - a +2 flail of protection
 j - a +0 sling
Missiles
 f - 84 stones (quivered)
 g - 18 poisoned darts
 z - a throwing net
 M - a curare-tipped dart
Armour
 c - a +0 buckler (worn)
 l - a +2 pair of gloves (worn)
 y - a +4 chain mail (worn)
 L - a +0 plate armour
Jewellery
 s - a ring of positive energy
 x - a ring of willpower (right hand)
 C - a ring of protection from fire (left hand)
 E - a ring of flight
 K - the amulet of Vehumet's Reproof {Faith *Corrode rElec Int+3 Dex+6}
   (You found it on level 7 of the Dungeon)

   [amulet of faith]

   It allows you to gain divine favour quickly.
   Int:       It affects your intelligence (+3).
   Dex:       It affects your dexterity (+6).
   rElec:     It insulates you from electricity.
   *Corrode:  It may corrode you when you take damage.
Wands
 k - a wand of polymorph (12)
 u - a wand of quicksilver (5)
 J - a wand of mindburst (14)
Scrolls
 e - a scroll of blinking
 i - a scroll of poison
 p - 5 scrolls of immolation
 r - a scroll of magic mapping
 D - 3 scrolls of teleportation
 F - a scroll of fog
Potions
 d - a potion of might
 h - 3 potions of ambrosia
 m - 5 potions of haste
 n - 3 potions of lignification
 o - 2 potions of curing
 q - a potion of resistance
 t - a potion of berserk rage
 v - a potion of flight
 w - a potion of brilliance
 G - a potion of heal wounds
 H - a potion of invisibility {unknown}
 I - a potion of attraction {unknown}


   Skills:
 + Level 9.6 Fighting
 * Level 13.9 Axes
 + Level 8.8 Armour
 - Level 5.0 Shields
 - Level 5.0 Invocations


You had 9 spell levels left.
You didn't know any spells.
Your spell library contained the following spells:

 Spells                   Type           Power      Damage    Failure   Level
 Sublimation of Blood     Necr           0%         N/A       98%         2
 Wereblood                Tmut           0%         N/A       98%         2
 Dazzling Flash           Conj/Hex       0%         N/A       100%        3
 Hailstorm                Conj/Ice       0%         3d3       100%        3
 Ignite Poison            Fire/Tmut/Pois 0%         N/A       100%        3
 Ozocubu's Armour         Ice            0%         N/A       100%        3
 Ice Form                 Ice/Tmut       0%         N/A       100%        4
 Sticky Flame             Conj/Fire      0%         2d3       100%        4
 Agony                    Necr           0%         N/A       100%        5
 Silence                  Hex/Air        0%         N/A       100%        5
 Simulacrum               Ice/Necr       0%         N/A       100%        6
 Ozocubu's Refrigeration  Ice            0%         4d7       100%        7
 Summon Hydra             Summ           0%         N/A       100%        7
 Ignition                 Fire           0%         3d3       100%        8


Dungeon Overview and Level Annotations

Branches:
Dungeon (9/15)             Temple (1/1) D:7            Lair (0/5) D:8
    Orc: D:9-12

Altars:
Ashenzari
Cheibriados
Dithmenos
Elyvilon
Fedhas
Gozag
Hepliaklqana
Kikubaaqudgha
Makhleb
Nemelex Xobeh
Okawaru
Qazlal
Ru
Sif Muna
Trog
Uskayaw
Vehumet
Wu Jian
Xom
Yredelemnul
Zin
The Shining One

Shops:
D:3 :   D:5 :   D:7 *


Message History

The yak is severely wounded.
You barely miss the troll. The yak gores you! You block the troll's attack.
The troll claws you but does no damage. You block the troll's attack.
You slash the yak!
The yak is almost dead.
You hit the troll but do no damage. The yak gores you! The troll bites you.
The troll completely misses you. The troll claws you.
You slash the yak!
You kill the yak!
Makhleb accepts your kill.
You feel better.
You hit the troll. The troll bites you.
The troll claws you but does no damage. x2
The troll bites you! The troll claws you!
The troll claws you but does no damage.
You slash the troll!
The troll is severely wounded.
The troll bites you! The troll claws you but does no damage.
The troll barely misses you.
You closely miss the troll.
The troll is severely wounded.
You slash the troll!
The troll is almost dead.
The troll bites you. The troll claws you.
* * * LOW HITPOINT WARNING * * *
The troll closely misses you.
You barely miss the troll.
The troll is almost dead.
The troll bites you!
* * * LOW HITPOINT WARNING * * *
The troll claws you but does no damage. You block the troll's attack.
You feel much better. The troll barely misses you. The troll claws you!
* * * LOW HITPOINT WARNING * * *
The troll claws you!
* * * LOW HITPOINT WARNING * * *
You hit the troll.
The troll is almost dead.
The troll bites you.
* * * LOW HITPOINT WARNING * * *
The troll claws you but does no damage. The troll claws you!
You die...

............#####....#
####.####...# ##.#.#
####.## #...# ###.#<#
......# #...####...#.#
####..###..........#.#
#.........###.###.#
##.##....## #.# #.#
#####........###.###.#
#..............T@)...#
#.###........###>#####
#.# #.##...### #.#
#.###.##...# #.#
...#..##.### #.#
......##.# #.#
#.#.#.##.## #.#
..........# #.#
#.#.#.##..# #.#


You could see a troll.

Vanquished Creatures
  An elephant (D:8)
  A hornet (D:9)
  Grinder (D:3)
  3 wyverns
  5 yaks
  A basilisk (D:8)
  A steam dragon (D:6)
  Edmund (D:4)
  A sky beast (D:8)
  3 orc warriors
  3 ice beasts
  2 black bears
  An ogre (D:6)
  2 centaurs (D:6)
  2 kobold brigands
  A bullfrog (D:8)
  4 scorpions
  A gnoll sergeant (D:7)
  11 wights
  6 killer bees
  2 howler monkeys
  A lava snake (D:9)
  2 jellies (D:6)
  2 quasits (D:7)
  3 hounds
  4 orc priests
  4 iguanas
  6 orc wizards
  A sleepcap (D:6)
  9 gnolls
  7 adders
  2 shadow imps (D:7)
  2 white imps (D:7)
  3 ufetubi
  3 dart slugs
  23 orcs
  8 ball pythons
  2 bats
  3 endoplasms
  3 giant cockroaches
  8 goblins
  9 hobgoblins
  4 jackals (D:3)
  12 kobolds
  6 quokkas
  2 frilled lizards
  4 rats
186 creatures vanquished.

Vanquished Creatures (others)
  5 dream sheep (D:8)
5 creatures vanquished.

Grand Total: 191 creatures vanquished

Notes
Turn   | Place    | Note
-------+----------+-------------------------------------------
     0 | D:1      | Gogs the Hill Orc Fighter began the quest for the Orb.
     0 | D:1      | Reached XP level 1. HP: 19/19 MP: 1/1
   140 | D:1      | Reached skill level 3 in Axes
   141 | D:1      | Reached XP level 2. HP: 18/27 MP: 2/2
   695 | D:2      | Reached XP level 3. HP: 30/33 MP: 3/3
  1038 | D:2      | Reached skill level 4 in Axes
  1388 | D:2      | Reached XP level 4. HP: 40/40 MP: 4/4
  1913 | D:3      | Found a shadowy altar of Dithmenos.
  1977 | D:3      | Found Tainyma's Book Shop.
  2015 | D:3      | Found an opulent altar of Gozag.
  2092 | D:3      | Noticed Grinder
  2122 | D:3      | Paralysed by Grinder for 2 turns
  2125 | D:3      | Killed Grinder
  2126 | D:3      | Reached skill level 5 in Axes
  2126 | D:3      | Reached XP level 5. HP: 28/47 MP: 5/5
  2126 | D:3      | Reached XP level 6. HP: 33/55 MP: 6/6
  2523 | D:4      | Reached skill level 6 in Axes
  2525 | D:4      | Reached skill level 5 in Fighting
  2623 | D:4      | Found a basalt altar of Yredelemnul.
  2624 | D:4      | Found a snail-covered altar of Cheibriados.
  2624 | D:4      | Found a broken altar of Ashenzari.
  2624 | D:4      | Found a sacrificial altar of Ru.
  2625 | D:4      | Found a radiant altar of Vehumet.
  2642 | D:4      | Found a burning altar of Makhleb.
  2733 | D:4      | HP: 1/56 [poisoned by an orc]
  2834 | D:4      | Reached XP level 7. HP: 45/61 MP: 7/7
  2920 | D:4      | Became a worshipper of Makhleb the Destroyer
  3308 | D:5      | Entered Level 5 of the Dungeon
  3475 | D:5      | Noticed Edmund
  3490 | D:4      | Reached skill level 7 in Axes
  3490 | D:4      | Reached skill level 5 in Armour
  3490 | D:4      | Reached skill level 5 in Shields
  3515 | D:4      | Killed Edmund
  3645 | D:5      | Reached skill level 8 in Axes
  3645 | D:5      | Reached XP level 8. HP: 41/70 MP: 8/8
  3961 | D:5      | Found Xeabbac's Self-Improvement Boutique.
  4157 | D:5      | Reached skill level 1 in Invocations
  4951 | D:6      | Reached skill level 9 in Axes
  5885 | D:7      | Reached XP level 9. HP: 79/79 MP: 11/11
  5889 | D:7      | Reached skill level 10 in Axes
  5924 | D:7      | Found Rosiogy's Lightly-Used Armoury.
  5934 | D:6      | Reached * piety under Makhleb
  6387 | D:7      | Identified the amulet of Vehumet's Reproof {Faith *Corrode
                  | rElec Int+3 Dex+6}
  6932 | D:7      | Found a staircase to the Ecumenical Temple.
  7426 | Temple   | Entered the Ecumenical Temple
  7464 | D:8      | Noticed an elephant
  7464 | D:8      | Found a staircase to the Lair.
  7765 | D:8      | Reached skill level 11 in Axes
  7765 | D:8      | Reached skill level 5 in Invocations
  8044 | D:8      | Killed an elephant
  8045 | D:8      | Reached skill level 12 in Axes
  8045 | D:8      | Reached XP level 10. HP: 41/90 MP: 13/13
  8275 | D:8      | Found a shimmering altar of Xom.
  8841 | D:9      | Reached ** piety under Makhleb
  9303 | D:9      | Reached skill level 13 in Axes
  9389 | D:9      | Paralysed by a hornet for 3 turns
 10211 | D:9      | Found a hide-covered altar of Uskayaw.
 10428 | D:8      | Slain by a troll

Illustrated notes

Levels and vault maps discovered:
D:1:      giann_wishing_wells, layout_basic
D:2:      layout_loops_corners, serial_rivers, chequers_serial_rivers_marsh,
          chequers_serial_rivers_large_b, chequers_serial_rivers_small_3,
          chequers_serial_rivers_micro_d
D:3:      layout_rooms, mainiacjoe_overflow_surrounded_room,
          nicolae_overflow_crystal_walls, serial_shops,
          nicolae_shop_window_shopping, uniq_grinder
D:4:      layout_gridville, grunt_temple_overflow_open,
          mainiacjoe_overflow_concentric_impassable
D:5:      wad_lake_hut, layout_basic, nicolae_shop_self_help, uniq_edmund
D:6:      layout_basic, kennysheep_generic_room_10
D:7:      layout_cave_pools, minmay_temple_entry_glass, serial_demonic,
          serial_demonic_d, serial_demonic_g, serial_demonic_f,
          serial_demonic_e, serial_demonic_e, minmay_shop_damaged,
          hangedman_abyss_or_decor_stagger
D:8:      layout_loops_ring, kb_xom_exploding_sheep, david_lair_generic,
          glass_columns_b
D:9:      layout_basic, nicolae_overflow_hidden_temple, erik_orc_1,
          kennysheep_opposing_triangles
Temple:   hellmonk_temple_two_chambers

Skill      XL: |  1  2  3  4  5  6  7  8  9 10 |
---------------+-------------------------------+-----
Axes           | 3 4 5 6 8 9 12 13 | 13.9
Fighting       | 4 5 6 7 8 9 |  9.6
Armour         | 4 5 6 7 8 |  8.8
Shields        | 4 5 |  5.0
Invocations    | 3 5 |  5.0

Action                     |  1- 3 |  4- 6 |  7- 9 | 10-12 || total
---------------------------+-------+-------+-------+-------++-------
  Melee: War axe           |    81 |   120 |   311 |   211 ||   723
    Use: Scroll            |     6 |     2 |    14 |     3 ||    25
         Potion            |       |     3 |     6 |     1 ||    10
 Armour: Scale mail        |    40 |    51 |     3 |       ||    94
         Chain mail        |       |       |   111 |    26 ||   137
         Plate armour      |       |       |    73 |   136 ||   209
  Dodge: Dodged            |    30 |    55 |   114 |    86 ||   285
  Block: Buckler           |    18 |    28 |    79 |    57 ||   182
